[Event "Early-Titled-Tuesday-Blitz-February-13-2024"]
[Site "Chess.com"]
[Date "2024.02.13"]
[Round "1"]
[White "Thunderbolt135"]
[Black "Zampronha1971"]
[Result "1-0"]
[WhiteElo "2653"]
[BlackElo "2321"]
[TimeControl "180+1"]
[EndTime "8:07:15 PST"]
[Termination "Thunderbolt135 won by resignation"]

1. e4 c5 2. Nf3 e6 3. Nc3 Nc6 4. d4 cxd4 5. Nxd4 Qc7 6. f4 a6 7. Nxc6 bxc6 8. Bd3 d5 9. O-O Nf6 10. Qe2 Be7 11. e5 Nd7 12. Na4 O-O 13. b3 f5 14.
exf6 Nxf6 15. Bb2 Bd6 16. Be5 Bd7 17. Kh1 c5 18. Nb2 a5 19. Rad1 a4 20. Bxd6 Qxd6 21. Nc4 Qc7 22. Ne5 axb3 23. axb3 Rae8 24. Ra1 Bc8 25. Rf3 Nd7 26. Bxh7+ Kxh7 27. Rh3+ Kg8 28. Qh5 Nxe5 29. fxe5 Ba6 30. Qh7+ Kf7 31. Rf3+ Ke7 32. Qxg7+ Kd8 33. Qxc7+ Kxc7 34. Rxa6 Ra8 35. Rxa8 Rxa8 36. h4 d4 37. h5 Kc6 38. g4 Rh8 39. c4 dxc3 40.
Rxc3 Kd5 41. Kg2 Kd4 42. Rc4+ Kd5 43. Kg3 Rb8 44. Rc3 Kd4 45. Rf3 Kxe5 46. g5 Ke4 47. h6 Rg8 48. Kg4 e5 49. h7 1-0

[Event "Early-Titled-Tuesday-Blitz-February-13-2024"]
[Site "Chess.com"]
[Date "2024.02.13"]
[Round "1"]
[White "TimGrutter03"]
[Black "Louis-Paulsen-Fan"]
[Result "1-0"]
[WhiteElo "2628"]
[BlackElo "2278"]
[TimeControl "180+1"]
[EndTime "8:07:15 PST"]
[Termination "TimGrutter03 won by resignation"]

1. c4 e6 2. Nc3 d5 3. cxd5 exd5 4. d4 c5 5. Nf3 Nc6 6. g3 c4 7. Bg2 Bb4 8. O-O Nge7 9. Ne5 O-O 10. Nxc6 bxc6 11.
Na4 Bf5 12. a3 Bd6 13. Bd2 Rb8 14. f3 Qd7 15. e4 dxe4 16. fxe4 Bh3 17. Bc3 Bxg2 18.
Kxg2 Ng6 19. Qe2 Qe6 20. Rae1 Rfe8 21. Qc2 Qg4 22. Kh1 h5 23. e5 Bf8 24. Qg2 Qe6 25.
Qe4 Qd5 26. Rf5 Qb5 27. Qc2 Qd5+ 28. Kg1 h4 29. e6 Rxe6 30. Rxd5 Rxe1+ 31. Bxe1 cxd5 32. Bb4 Bxb4 33. axb4 Rxb4 34. Nc5 hxg3 35. hxg3 Rb8 36.
Kg2 Ne7 37. b3 Nc6 38. bxc4 Nxd4 39. Qc3 Ne2 40. Qe5 Rc8 41. cxd5 Rxc5 42. Qxe2 Rxd5 43.
Qe8+ Kh7 44. Qe4+ 1-0

[Event "Early-Titled-Tuesday-Blitz-February-13-2024"]
[Site "Chess.com"]
[Date "2024.02.13"]
[Round "1"]
[White "Bigfish1995"]
[Black "GameOverBro"]
[Result "1-0"]
[WhiteElo "3172"]
[BlackElo "2550"]
[TimeControl "180+1"]
[EndTime "8:07:16 PST"]
[Termination "Bigfish1995 won on time"]

1. e4 d6 2. d4 Nf6 3. Nc3 e5 4. Nf3 Nbd7 5. Rg1 g6 6. g4 Bg7 7. dxe5 dxe5 8. Be3 c6 9. a4 Qe7 10. g5 Nh5 11. Nd2 O-O 12. Nc4 Rd8 13. Qd6 Qe8 14.
O-O-O Bf8 15. Qc7 Ng7 16. Bh3 Qe7 17. Nxe5 Ne8 18. Qxd8 Qxd8 19. Nxd7 Qa5 20. f4 Bb4 21.
Na2 Qxa4 22. Nxb4 Qxb4 23. e5 Kg7 24. Bd4 c5 25. Bc3 Qxf4+ 26. Kb1 Bxd7 27. e6+ Kf8 28. exd7 Nd6 29. Rgf1 Qxh2 30. Bf6 Qxh3 31. Rfe1 1-0

[Event "Early-Titled-Tuesday-Blitz-February-13-2024"]
[Site "Chess.com"]
[Date "2024.02.13"]
[Round "1"]
[White "wadsy27"]
[Black "cycygogne"]
[Result "1-0"]
[WhiteElo "2627"]
[BlackElo "2271"]
[TimeControl "180+1"]
[EndTime "8:07:16 PST"]
[Termination "wadsy27 won by resignation"]

1. e4 d5 2. exd5 Qxd5 3. Nc3 Qd6 4.
Nf3 Bg4 5. Be2 Nf6 6. O-O Nc6 7. h3 Bh5 8. d3 O-O-O 9. Be3 e5 10. Ng5 Bg6 11.
Nge4 Nxe4 12. Nxe4 Bxe4 13. dxe4 Qxd1 14. Rfxd1 Bb4 15.
c3 Ba5 16. b4 Bb6 17. Bxb6 axb6 18. a4 Rxd1+ 19. Bxd1 Rd8 20. Bb3 f6 21. Bd5 Ne7 22. Be6+ Kb8 23. a5 bxa5 24. bxa5 Rd3 25. Ra3 Ka7 26.
Bc4 Rd1+ 27. Kh2 Rd2 28. Kg3 Ng6 29. a6 bxa6 30. Bxa6 Kb6 31. Bc4 Nf4 32. Ra8 Nd3 33.
Bxd3 Rxd3+ 34. Kg4 Rxc3 35. Rg8 Rc2 36. Kg3 c5 37. Rxg7 c4 38. Rxh7 Rd2 39. Rh8 Rd7 40.
Rc8 Kb5 41. h4 Kb4 42. h5 c3 43. Kg4 Kb3 44. h6 c2 45. Kf5 Kb2 46. Kg6 c1=Q 47.
Rxc1 Kxc1 48. h7 Rd8 49. Kxf6 Kd2 50. g4 Kd3 51. g5 Kxe4 52. g6 Kf4 53. g7 Rd6+ 54.
Ke7 Rg6 55. g8=Q 1-0

[Event "Early-Titled-Tuesday-Blitz-February-13-2024"]
[Site "Chess.com"]
[Date "2024.02.13"]
[Round "1"]
[White "Lady_Nika"]
[Black "norwaytoadog"]
[Result "1-0"]
[WhiteElo "2595"]
[BlackElo "2204"]
[TimeControl "180+1"]
[EndTime "8:07:16 PST"]
[Termination "Lady_Nika won by checkmate"]

1. g4 d5 2. h3 c6 3. Bg2 h5 4.
gxh5 Rxh5 5. d4 Rh8 6. Nf3 Bf5 7. Nbd2 Nf6 8. Nb3 a5 9. Bf4 Na6 10. c3 Qb6 11. a4 e6 12. Ne5 c5 13. Ra2 Be7 14.
Be3 c4 15. Nd2 Nb8 16. b3 cxb3 17. Qxb3 Nbd7 18. Nxd7 Nxd7 19. Qxb6 Nxb6 20. Bf4 Kd7 21. e4 Bg6 22. Rb2 Kc6 23. exd5+ exd5 24. c4 Bb4 25. cxd5+ Nxd5 26. O-O Rad8 27. Rc1+ Kb6 28. Nc4+ Ka7 29. Bd2 Bxd2 30. Nxd2 Nb4 31. Rc7 Rc8 32. Rxb7+ Ka6 33. Nb3 Rc1+ 34. Kh2 Nd3 35. Nc5+ Nxc5 36. R2b6# 1-0

[Event "Early-Titled-Tuesday-Blitz-February-13-2024"]
[Site "Chess.com"]
[Date "2024.02.13"]
[Round "1"]
[White "winniethepooh04"]
[Black "GOGIEFF"]
[Result "0-1"]
[WhiteElo "2536"]
[BlackElo "3010"]
[TimeControl "180+1"]
[EndTime "8:07:17 PST"]
[Termination "GOGIEFF won by resignation"]

1. d4 Nf6 2. Nf3 e6 3. Bf4 c5 4. e3 Nc6 5. c3 Qb6 6. Qb3 d5 7. Nbd2 Be7 8. h3 O-O 9. Be2 Bd7 10. O-O Rfc8 11. Ne5 Be8 12. Rfe1 Qd8 13. a4 Bd6 14. Nxc6 bxc6 15. Bxd6 Qxd6 16. Qa3 Rab8 17. dxc5 Qe7 18. b4 e5 19. Nf3 Ne4 20. a5 f6 21. Rad1 Bf7 22.
Nd2 Ng5 23. Nf3 Ne6 24. Rd2 Nc7 25. Red1 Rd8 26. Qa4 Qe8 27. Qa3 h6 28. Nh4 Be6 29. Nf3 g5 30. Qc1 Kg7 31. Qc2 Bf7 32. e4 Qe7 33.
Nh2 Bg6 34. Bd3 d4 35. Nf1 dxc3 36. Qxc3 Rd4 37. Ne3 Ne6 38. Nc2 Rdd8 39. Ne3 Nd4 40. Nc4 Rd7 41. Nd6 h5 42. Bf1 Qe6 43. Rxd4 exd4 44.
Qxd4 Kh7 45. Bc4 Qe5 46. Qe3 Rxb4 47. a6 Rxc4 48. Rb1 Rxc5 49. Rb7 Qxd6 50. Rxd7+ Qxd7 51. Qxc5 Bxe4 52. f3 Bd3 53. Qa3 h4 54. Qb3 Kg7 55. Qb7 Bf5 56. Qb8 Qd4+ 57. Kh2 Qf4+ 0-1

[Event "Early-Titled-Tuesday-Blitz-February-13-2024"]
[Site "Chess.com"]
[Date "2024.02.13"]
[Round "1"]
[White "volkanyirik"]
[Black "DarkAlekhine"]
[Result "1/2-1/2"]
[WhiteElo "2471"]
[BlackElo "2811"]
[TimeControl "180+1"]
[EndTime "8:07:17 PST"]
[Termination "Game drawn - insufficient material"]

1. e4 c5 2. Nc3 d6 3. Bc4 g6 4.
f4 Bg7 5. Nf3 Nc6 6. O-O e6 7.
d3 Nge7 8. Qe1 O-O 9. f5 gxf5 10.
Qh4 f6 11. Bh6 Ng6 12. Qh5 Bxh6 13. Qxh6 f4 14. g3 fxg3 15. h3 Qe7 16. Nh4 Qg7 17. Qh5 Nce5 18. Nf5 Qc7 19. Nxg3 a6 20. a4 Kh8 21.
Rf2 Qg7 22. Kh2 Bd7 23. Rg1 Rab8 24. a5 b5 25. axb6 Rxb6 26. b3 a5 27. Nce2 a4 28. bxa4 Rb2 29. Nc3 Qe7 30. Qe2 Nxc4 31. dxc4 Ne5 32.
Nh5 Be8 33. Rfg2 Bg6 34. Nf4 Rg8 35. Nb5 Rb4 36. Nxg6+ Rxg6 37. Rxg6 Nxg6 38. Qd3 d5 39. exd5 exd5 40. Qxd5 Rb2 41. Rg2 Qe5+ 42. Qxe5 Nxe5 43. Nd6 Ra2 44. Rf2 Rxa4 45. Rxf6 Nxc4 46. Nf7+ Kg7 47.
Rf3 Ra2 48. Rf2 Ne3 49. Ng5 c4 50. Ne6+ Kg6 51. Nd4 c3 52. Kg3 Nc4 53. h4 Ne3 54. Kf3 Nc4 55. Ke4 Ra5 56. Kd3 Nd6 57. Kxc3 Ne4+ 58.
Kb4 Nxf2 59. Kxa5 Kh5 60. c4 Ne4 61. Nf5 Kg4 62. Ne3+ Kxh4 63. Kb5 h5 64. c5 Kg3 65. c6 h4 66. Nf5+ Kg4 67. Nxh4 Kxh4 68. c7 Nd6+ 69. Kc6 Nc8 70. Kb7 Ne7 71. Kb8 Kg5 72. c8=Q Nxc8 1/2-1/2

[Event "Early-Titled-Tuesday-Blitz-February-13-2024"]
[Site "Chess.com"]
[Date "2024.02.13"]
[Round "1"]
[White "GMRAVEN_ON_YOUTUBE"]
[Black "atalz0"]
[Result "1/2-1/2"]
[WhiteElo "2816"]
[BlackElo "2468"]
[TimeControl "180+1"]
[EndTime "8:07:18 PST"]
[Termination "Game drawn by repetition"]

1. f4 Nf6 2. Nf3 b6 3. e3 Bb7 4. d4 g6 5. c4 Bg7 6. Nc3 O-O 7. Bd3 d5 8. cxd5 Nxd5 9. Nxd5 Qxd5 10. e4 Qd7 11.
Be3 Nc6 12. Bb5 a6 13. Ba4 b5 14. Bb3 Na5 15. Bc2 Nc4 16. Bc1 Rad8 17. b3 Nd6 18. Qe2 f5 19. e5 Ne4 20. Qe3 Qc6 21. Qd3 Nc5 22. Qe2 Ne6 23. O-O Nxd4 24. Nxd4 Rxd4 25. Be3 Rd7 26. Rac1 Qe6 27. b4 Bd5 28. Rfd1 Bc4 29. Qf3 Rfd8 30. a3 h6 31. Qb7 Bd5 32. Rxd5 Qxd5 33.
Qxd5+ Rxd5 34. Bb3 Kf8 35. Bxd5 Rxd5 36. Rxc7 Rd3 37.
Bc5 Rxa3 38. e6 Bf6 39. Kf2 Ra2+ 40. Kf3 a5 41. Rc8+ Kg7 42. Rb8 axb4 43. Rxb5 Ra3+ 44.
Kf2 Ra2+ 45. Kf3 Ra3+ 46. Ke2 Ra2+ 47. Kf3 1/2-1/2

[Event "Early-Titled-Tuesday-Blitz-February-13-2024"]
[Site "Chess.com"]
[Date "2024.02.13"]
[Round "1"]
[White "ChessSG1"]
[Black "Fighterman91"]
[Result "0-1"]
[WhiteElo "2427"]
[BlackElo "2769"]
[TimeControl "180+1"]
[EndTime "8:07:18 PST"]
[Termination "Fighterman91 won on time"]

1. c4 e5 2. g3 Nf6 3. Bg2 c6 4.
Nf3 e4 5. Nd4 d5 6. d3 exd3 7.
cxd5 Nxd5 8. Qxd3 Bb4+ 9. Nc3 O-O 10. O-O Nf6 11. h3 Re8 12. Be3 Nbd7 13. Nc2 Bf8 14. Rad1 Qa5 15. a3 Ne5 16. Qd4 Bf5 17. b4 Qc7 18.
Na1 Red8 19. Qf4 Bg6 20. Rc1 Bd6 21. Nb5 cxb5 22. Rxc7 Bxc7 23. Qh4 Nd5 24. Bg5 f6 25. Bd2 Nc4 26. Qd4 Ndb6 27. Qc5 Bd6 28. Qxb5 Nxd2 29. Rd1 Bf8 30. Bxb7 Rab8 31. Qc6 Rd7 32. Nc2 Nf3+ 0-1

[Event "Early-Titled-Tuesday-Blitz-February-13-2024"]
[Site "Chess.com"]
[Date "2024.02.13"]
[Round "1"]
[White "leschebaza"]
[Black "PepeCuenca"]
[Result "0-1"]
[WhiteElo "2398"]
[BlackElo "2728"]
[TimeControl "180+1"]
[EndTime "8:07:18 PST"]
[Termination "PepeCuenca won by resignation"]

1. Nf3 Nf6 2. c4 g6 3. Nc3 Bg7 4. b3 O-O 5. Bb2 c6 6. d3 d5 7. g3 d4 8. Nb1 c5 9. Bg2 Nc6 10. O-O e5 11. a3 a5 12. Nbd2 h6 13. Rb1 Re8 14. Ne1 Qc7 15. Ba1 Bf5 16. Ne4 Nd7 17. Bb2 Be6 18. e3 Rad8 19. exd4 exd4 20. Bc1 f5 21. Bf4 Nce5 22. Nd2 g5 23. Bxe5 Nxe5 24. Ndf3 Nc6 25. Nc2 f4 26. b4 g4 27. Nd2 f3 28. Bh1 axb4 29. axb4 Ne5 30. Ne4 b6 31. bxc5 bxc5 32. Na3 Bf5 33. Nb5 Qc6 34. Re1 Nxd3 35.
Qxd3 Bxe4 36. Qd1 Bxb1 37. Rxe8+ Qxe8 38. Qxb1 d3 39. h3 d2 40. hxg4 Qe1+ 41. Kh2 Qxb1 0-1

[Event "Early-Titled-Tuesday-Blitz-February-13-2024"]
[Site "Chess.com"]
[Date "2024.02.13"]
[Round "1"]
[White "Harry_Rakkel"]
[Black "Hui_Li_Macau"]
[Result "1-0"]
[WhiteElo "2690"]
[BlackElo "2362"]
[TimeControl "180+1"]
[EndTime "8:07:18 PST"]
[Termination "Harry_Rakkel won on time"]

1. e4 e5 2. Nf3 Nf6 3. Nc3 Nc6 4. g3 d5 5. exd5 Nxd5 6. Bg2 Nxc3 7. bxc3 Bd6 8. O-O O-O 9. Re1 Bg4 10. h3 Bh5 11. Rb1 Rb8 12. g4 Bg6 13. d3 f5 14. Ng5 Qd7 15. Bd5+ Kh8 16. Be6 Qe7 17. gxf5 Bxf5 18.
Bxf5 Rxf5 19. Qg4 Rbf8 20. Rxb7 Nd8 21. Rb8 Rxf2 22. Qe4 g6 23. Rxd8 Qxd8 24. Ne6 Qf6 25. Nxf8 Qxf8 26. Be3 Rxc2 27. Rf1 Qc8 28. Bg5 Qxh3 29.
Bf6+ Kg8 30. Qa8+ Kf7 31. Bg5+ 1-0

[Event "Early-Titled-Tuesday-Blitz-February-13-2024"]
[Site "Chess.com"]
[Date "2024.02.13"]
[Round "1"]
[White "mishanick"]
[Black "komogro"]
[Result "1-0"]
[WhiteElo "2975"]
[BlackElo "2525"]
[TimeControl "180+1"]
[EndTime "8:07:19 PST"]
[Termination "mishanick won on time"]

1. d4 Nf6 2. c4 g6 3. Nc3 Bg7 4. e4 O-O 5. Bd3 d6 6. Nge2 e5 7. d5 a5 8. f3 Na6 9. Be3 Nc5 10.
Bc2 c6 11. Qd2 cxd5 12. cxd5 Bd7 13. a4 Na6 14. Nb5 Nb4 15. Nec3 Bxb5 16. Nxb5 Rc8 17. Bb3 Nh5 18. O-O Nf4 19. Rac1 Qd7 20. Rc3 f5 21.
Rfc1 Rxc3 22. bxc3 Nbd3 23. Rf1 fxe4 24. fxe4 Qg4 25.
Rf3 Ne1 26. Rxf4 exf4 27. Qxe1 fxe3 28. Qxe3 Qh4 29. Nd4 Be5 30. g3 Qh3 31. Bc4 Qg4 32. Be2 Bxd4 33. cxd4 Qd7 34. Bb5 Qc7 35. e5 Qf7 36. e6 Qf5 37. e7 Qb1+ 38. Kg2 Qc2+ 39. Kh3 Qf5+ 40. g4 Qf3+ 41. Qxf3 Rxf3+ 42. Kg2 1-0

[Event "Early-Titled-Tuesday-Blitz-February-13-2024"]
[Site "Chess.com"]
[Date "2024.02.13"]
[Round "1"]
[White "Rsnr"]
[Black "kecalk"]
[Result "1-0"]
[WhiteElo "2905"]
[BlackElo "2499"]
[TimeControl "180+1"]
[EndTime "8:07:19 PST"]
[Termination "Rsnr won on time"]

1. Nf3 Nf6 2. c4 e6 3. e3 c5 4. b3 d5 5. Bb2 Nc6 6. cxd5 exd5 7. Be2 Bd6 8. O-O O-O 9. d4 cxd4 10. Nxd4 Qe7 11. Nd2 Bd7 12. Rc1 Ne5 13. N2f3 Rac8 14. Rxc8 Rxc8 15. Qa1 Ne4 16. Nxe5 Bxe5 17. Nf5 Bxh2+ 18.
Kxh2 Bxf5 19. Kg1 Qg5 20. Rc1 h5 21. Rxc8+ Bxc8 22. Qd1 h4 23. Bf3 Be6 24. Qd4 h3 25.
Qe5 Qxe5 26. Bxe5 hxg2 27. Kxg2 f6 28. Bd4 b6 29. Be2 Nd6 30. Bc3 Kf7 31. a4 a5 32. Bd4 Nc8 33. Ba6 Ke7 34. Kg3 Kd7 35. Kh4 1-0

[Event "Early-Titled-Tuesday-Blitz-February-13-2024"]
[Site "Chess.com"]
[Date "2024.02.13"]
[Round "1"]
[White "SpeedofLight0"]
[Black "Nouali_Mohamed"]
[Result "1-0"]
[WhiteElo "3059"]
[BlackElo "2539"]
[TimeControl "180+1"]
[EndTime "8:07:20 PST"]
[Termination "SpeedofLight0 won on time"]

1. d4 Nf6 2. Nc3 d5 3. Bf4 g6 4. e3 Bg7 5. h4 h5 6. Be2 c5 7. Nf3 cxd4 8. exd4 Nc6 9. Ne5 O-O 10. f3 Qb6 11. Nxc6 bxc6 12. Na4 Qa5+ 13. c3 Nd7 14. b4 Qd8 15. Qd2 e5 16. Bg5 Qc7 17. O-O a5 18. b5 cxb5 19. Bxb5 exd4 20. cxd4 Qa7 21. Rfd1 Rb8 22. Rab1 Ba6 23. Nc3 Nb6 24. Bxa6 Qxa6 25. Qd3 Qxd3 26. Rxd3 Rfc8 27. Bf4 Rb7 28. Na4 Rc6 29. Be3 Bf8 30. Rdb3 Bb4 31. Nc5 Re7 32. Bg5 Re2 33. a3 Bxc5 34. dxc5 Nc4 35. Rb8+ Kg7 36. Rd8 Rxc5 37. Rbb8 f6 38. Rd7+ 1-0

[Event "Early-Titled-Tuesday-Blitz-February-13-2024"]
[Site "Chess.com"]
[Date "2024.02.13"]
[Round "1"]
[White "TitarovVasiliYouTube"]
[Black "ChristopherYoo"]
[Result "0-1"]
[WhiteElo "2526"]
[BlackElo "2984"]
[TimeControl "180+1"]
[EndTime "8:07:20 PST"]
[Termination "ChristopherYoo won on time"]

1. Nf3 c5 2. g3 b6 3. Bg2 Bb7 4.
O-O Nf6 5. c4 g6 6. Nc3 Bg7 7.
d3 d5 8. cxd5 Nxd5 9. Bd2 O-O 10. Rc1 Nc6 11. a3 Nc7 12. Bg5 h6 13. Be3 Ne6 14. Qa4 a6 15. Nd2 b5 16. Qd1 Na5 17. Bxb7 Nxb7 18. Qb3 Na5 19. Qa2 Nc6 20. Nce4 Ncd4 21.
Rfe1 Rc8 22. Nb3 Qd5 23. Ned2 Nxb3 24. Nxb3 Nd4 25. Bxd4 cxd4 26. Rxc8 Rxc8 27. Rc1 Rxc1+ 28. Nxc1 Qc6 29. Qb1 a5 30. Nb3 a4 31. Nd2 e5 32.
Nf3 f5 33. Ne1 Bf8 34. Qc2 Qxc2 35. Nxc2 Kf7 36. f4 exf4 37. gxf4 Bc5 38. Kg2 g5 39. Kf3 Ke6 40. h3 Kd5 41. Ne1 Bd6 42. Ng2 b4 43. axb4 Bxb4 44. e4+ Ke6 45. Ke2 gxf4 46. Nxf4+ Ke5 47.
Ng6+ Kd6 48. Nf4 Bc3 49. bxc3 a3 50. e5+ Kxe5 51. Ng6+ Kf6 0-1

[Event "Early-Titled-Tuesday-Blitz-February-13-2024"]
[Site "Chess.com"]
[Date "2024.02.13"]
[Round "1"]
[White "gmcorrales"]
[Black "ajeale2"]
[Result "1-0"]
[WhiteElo "2846"]
[BlackElo "2467"]
[TimeControl "180+1"]
[EndTime "8:07:20 PST"]
[Termination "gmcorrales won by checkmate"]

1. e4 b6 2. d4 Bb7 3. f3 e6 4. c4 Nf6 5. Nc3 d6 6. Be3 Nbd7 7. Qd2 a6 8. O-O-O c6 9. g4 b5 10. h4 Nb6 11. g5 Nh5 12. Qg2 Nxc4 13. Bxc4 bxc4 14. Nge2 a5 15. d5 cxd5 16. exd5 e5 17. f4 a4 18. a3 g6 19. fxe5 dxe5 20. Ng3 Qa5 21. Nxh5 gxh5 22. Qf2 Bxa3 23. Ne4 Be7 24. Nf6+ Bxf6 25. Qxf6 O-O 26. g6 fxg6 27. Qe6+ Rf7 28. Rhf1 Rf8 29. Rxf7 Rxf7 30. Qxe5 a3 31. Bd4 axb2+ 32.
Bxb2 c3 33. Bxc3 Rc7 34. Qh8+ Kf7 35. Rf1+ Ke7 36. Qf8+ Kd7 37. Rf7# 1-0

[Event "Early-Titled-Tuesday-Blitz-February-13-2024"]
[Site "Chess.com"]
[Date "2024.02.13"]
[Round "1"]
[White "MAGMAchess02"]
[Black "kushbhagat2009"]
[Result "0-1"]
[WhiteElo "2277"]
[BlackElo "2628"]
[TimeControl "180+1"]
[EndTime "8:07:20 PST"]
[Termination "kushbhagat2009 won by resignation"]

1. e4 c5 2. Nc3 d6 3. d4 cxd4 4. Qxd4 Nc6 5. Qd2 g6 6. b3 Bh6 7.
f4 f5 8. Bb2 Nf6 9. Bd3 O-O 10.
exf5 Bxf5 11. Bxf5 gxf5 12. O-O-O Rc8 13. Kb1 Qa5 14. Nf3 b5 15. g3 b4 16. Nd5 Ne4 17. Qg2 e6 18. Qh3 Bg7 19. Bxg7 Kxg7 20. Ng5 Nxg5 21. fxg5 exd5 22. Qh6+ Kg8 23. g6 Qc7 24. g4 f4 25. Rxd5 Ne5 26. gxh7+ Qxh7 27. Qxd6 Qxc2+ 28. Ka1 Qc3+ 29. Kb1 Qc2+ 30. Ka1 Nf7 31.
Rd3 Nxd6 0-1

[Event "Early-Titled-Tuesday-Blitz-February-13-2024"]
[Site "Chess.com"]
[Date "2024.02.13"]
[Round "1"]
[White "tusplingher"]
[Black "Kobalia"]
[Result "0-1"]
[WhiteElo "2449"]
[BlackElo "2812"]
[TimeControl "180+1"]
[EndTime "8:07:22 PST"]
[Termination "Kobalia won by resignation"]

1. e4 c5 2. Nf3 e6 3. d4 cxd4 4. Nxd4 Nc6 5. Nc3 a6 6. Be3 Nf6 7. f3 d6 8. Be2 Bd7 9. O-O Be7 10. Qd2 O-O 11. Rad1 b5 12. Nxc6 Bxc6 13. a3 Qc7 14.
Na2 Rfd8 15. Nc1 d5 16. exd5 Nxd5 17. Bd3 Bd6 18. h3 Nxe3 19. Qxe3 Qe7 20. Kh1 Qh4 21. Ne2 h6 22. Qf2 Qf6 23. Rfe1 Qxb2 24. Qh4 Qxa3 25.
Nd4 Bb7 26. Nxe6 fxe6 27. Rxe6 Qb4 28. Qh5 Qf4 29. Kg1 Qh2+ 30. Kf2 Qg3+ 31. Kg1 Rf8 32.
Rxd6 Bxf3 33. Qg6 Qxg6 34. Bxg6 Bxd1 35. Rxd1 a5 36. Rd5 Rfb8 37. Be4 a4 38. Rd1 Ra7 39. Ra1 b4 40. Kf2 a3 41. Bd5+ Kh8 42. Bb3 Re7 43. Kf3 Rc8 44. Ra2 Kh7 45. Ra1 Kg6 46. Bd5 Rxc2 47.
Be4+ Rxe4 48. Kxe4 a2 49. Kd3 b3 50. Rf1 Rxg2 51. Kc3 b2 0-1

[Event "Early-Titled-Tuesday-Blitz-February-13-2024"]
[Site "Chess.com"]
[Date "2024.02.13"]
[Round "1"]
[White "KhazhatulyAlikhan"]
[Black "KacperKacprzak"]
[Result "0-1"]
[WhiteElo "2413"]
[BlackElo "2746"]
[TimeControl "180+1"]
[EndTime "8:07:22 PST"]
[Termination "KacperKacprzak won on time"]

1. e4 c5 2. Nf3 d6 3. d4 cxd4 4. Nxd4 Nf6 5. Nc3 a6 6. Be2 e6 7.
O-O Be7 8. Be3 O-O 9. h3 Nc6 10. Qd2 Qc7 11. f4 b5 12. a3 Bb7 13. Bf3 Rac8 14.
Rf2 Rfe8 15. g4 Na5 16. g5 Nc4 17. Qe2 Nd7 18. Nd1 Nxe3 19. Nxe3 e5 20. Ndf5 exf4 21.
Nxe7+ Rxe7 22. Nf5 Re6 23. Qd2 Ne5 24. Bh1 Ng6 25.
Qd4 Re5 26. h4 Qc5 27. Rd1 Rd8 28. h5 Nf8 29. Qxc5 Rxc5 30. Rxd6 Re8 31. c3 Ne6 32. g6 hxg6 33. hxg6 fxg6 34. Nd4 Ng5 35. Rxf4 Nh3+ 36.
Kh2 Nxf4 37. Rb6 Bc8 38. Bf3 Rg5 39. Kh1 Kf7 40. e5 Rh8+ 0-1

[Event "Early-Titled-Tuesday-Blitz-February-13-2024"]
[Site "Chess.com"]
[Date "2024.02.13"]
[Round "1"]
[White "AlexTruskavetsky"]
[Black "kaanadayhamle"]
[Result "1-0"]
[WhiteElo "2741"]
[BlackElo "2410"]
[TimeControl "180+1"]
[EndTime "8:07:22 PST"]
[Termination "AlexTruskavetsky won by checkmate"]

1. d4 Nf6 2. c4 e6 3. Nc3 d5 4. cxd5 exd5 5. Bg5 Be7 6. e3 c6 7. Bd3 O-O 8. Qc2 h6 9. Bh4 Re8 10. Nge2 Ne4 11. Bxe7 Qxe7 12. O-O Nd7 13. Rae1 Ndf6 14. f3 Nxc3 15. Nxc3 Qd6 16. a3 Bd7 17. b4 a5 18.
Qb3 axb4 19. axb4 b6 20. Na4 c5 21. bxc5 Bxa4 22. Qxa4 bxc5 23. dxc5 Qxc5 24. Qd4 Qxd4 25.
exd4 Rxe1 26. Rxe1 Ra4 27. Rd1 Kf8 28. Bf1 Ne8 29. Kf2 Nd6 30. g4 Ra2+ 31. Kg3 Ra4 32.
h4 g5 33. h5 f5 34. Bg2 f4+ 35. Kh2 Nc4 36. Rb1 Ne3 37. Bh1 Rxd4 38. Rb8+ Ke7 39. Rb7+ Ke8 40. Rb6 Rd2+ 41. Kg1 Rd1+ 42. Kh2 Rd2+ 43. Kh3 Rd1 44. Kh2 Nf1+ 45. Kg2 Ng3 46. Rxh6 Rxh1 47. Rg6 d4 48. Rxg5 d3 49. Rd5 Rd1 50. h6 Kf7 51. g5 d2 52. Rd7+ Kg8 53.
g6 Rh1 54. Rd8# 1-0

[Event "Early-Titled-Tuesday-Blitz-February-13-2024"]
[Site "Chess.com"]
[Date "2024.02.13"]
[Round "1"]
[White "AndresDelgado77"]
[Black "ansko1999"]
[Result "0-1"]
[WhiteElo "2362"]
[BlackElo "2691"]
[TimeControl "180+1"]
[EndTime "8:07:24 PST"]
[Termination "ansko1999 won on time"]

1. e4 d6 2. d4 Nf6 3. Nc3 c6 4. Bg5 Nbd7 5. Qd2 e5 6. Nf3 Be7 7. O-O-O O-O 8. h4 Re8 9. dxe5 Nxe5 10. Nd4 h6 11. Bxf6 Bxf6 12. f4 Ng4 13. g3 Qb6 14.
Na4 Qxd4 15. Qxd4 Bxd4 16. Rxd4 Nf2 17. Rg1 Rxe4 18. Rxe4 Nxe4 19. Bd3 Nf6 20. c4 Bg4 21. Kd2 Re8 22. Nc3 g6 23. b4 Kg7 24. a4 a6 25. Rb1 Nd7 26. b5 axb5 27. axb5 Nc5 28. bxc6 bxc6 29. Rb6 Bf3 30. Be2 Bg2 31. Bd1 h5 32. Ba4 Nxa4 33. Nxa4 Re4 34. Kd3 d5 0-1

[Event "Early-Titled-Tuesday-Blitz-February-13-2024"]
[Site "Chess.com"]
[Date "2024.02.13"]
[Round "1"]
[White "Attacks_Hurricane"]
[Black "Iskusnyh"]
[Result "0-1"]
[WhiteElo "2288"]
[BlackElo "2636"]
[TimeControl "180+1"]
[EndTime "8:07:24 PST"]
[Termination "Iskusnyh won by checkmate"]

1. e4 e6 2. d4 d5 3. exd5 exd5 4.
Nf3 Nf6 5. c4 Nc6 6. Nc3 Bb4 7.
Be2 dxc4 8. O-O Be6 9. Bg5 Bxc3 10. bxc3 h6 11. Bh4 g5 12. Bg3 Ne4 13. Qc2 Nxg3 14. fxg3 Qd5 15. Qb2 O-O-O 16. Nd2 Na5 17. Bf3 Qd6 18.
Ne4 Qb6 19. Qd2 Bd5 20. Rab1 Qc6 21. Nf2 Bxf3 22. gxf3 f5 23. Nd1 Rhe8 24. Ne3 f4 25. Nc2 fxg3 26. hxg3 Qe6 27. Rf2 Nc6 28. Kg2 Qf5 29.
Rh1 Rd6 30. Ne3 Qe6 31. Ng4 Rh8 32. Re1 Qd5 33. Ne3 Qb5 34. Qe2 Re8 35. Qd2 h5 36. Nc2 Rxe1 37. Qxe1 g4 38. Qe8+ Rd8 39. Qe6+ Kb8 40. fxg4 hxg4 41. Qxg4 Qd5+ 42. Qf3 Qg5 43. Ne3 a5 44. Nxc4 Rh8 45. Ne3 Qh6 46. Kf1 Qh7 47.
Qf5 Qh1+ 48. Ke2 Re8 49. Qf3 Qb1 50. Qf4 Qxa2+ 51. Kf3 Qg8 52. Kg2 Qh7 53. Ng4 Rh8 54. Qf5 Qh1# 0-1

[Event "Early-Titled-Tuesday-Blitz-February-13-2024"]
[Site "Chess.com"]
[Date "2024.02.13"]
[Round "1"]
[White "jup1978"]
[Black "JiiHart"]
[Result "1-0"]
[WhiteElo "2578"]
[BlackElo "2140"]
[TimeControl "180+1"]
[EndTime "8:07:24 PST"]
[Termination "jup1978 won on time"]

1. d4 d5 2. Nf3 Nf6 3. c4 c5 4. dxc5 e6 5. Nc3 Bxc5 6. cxd5 Nxd5 7. Nxd5 Qxd5 8. Qxd5 exd5 9. e3 Nc6 10. Bd2 O-O 11.
Bc3 Bf5 12. Be2 Rfd8 13. Rd1 Bb4 14. Nd4 Nxd4 15. Rxd4 Bxc3+ 16. bxc3 Rac8 17. Kd2 Rc5 18. a4 Rdc8 19. Rc1 g6 20. Rb4 b6 21. g4 Be6 22.
h3 Kg7 23. f4 h6 24. Bd3 f5 25.
gxf5 Bxf5 26. Bxf5 gxf5 27. Rb5 Rxb5 28. axb5 Kf6 29. Ra1 Rc5 30. Rxa7 Rxb5 31. Rh7 Kg6 32. Rd7 Kh5 33. Rd6 Rb2+ 34. Kd3 Rh2 35. Rxd5 Rxh3 36. Rxf5+ Kg4 37. Rb5 h5 38. Rxb6 h4 39. Rg6+ Kf5 40.
Rg5+ Kf6 41. c4 Rh1 42. Rh5 Rd1+ 43. Ke4 Rc1 44. Rh6+ Kg7 45. Rxh4 Rxc4+ 46. Kf5 Rc3 47. e4 Rc5+ 48. e5 Rb5 49. Rg4+ Kf7 50. Rg2 Ra5 51. Rb2 Ra7 52. Rb6 Rc7 53. Rf6+ Ke7 54. Rh6 Rc4 55. Rh7+ Kf8 56. Kg5 Rc5 57. Kf6 Kg8 58. Rb7 Rc4 59. f5 Rc5 60. e6 Rc6 61. Kg6 1-0

[Event "Early-Titled-Tuesday-Blitz-February-13-2024"]
[Site "Chess.com"]
[Date "2024.02.13"]
[Round "1"]
[White "LionelMessiFCB"]
[Black "Grandelicious"]
[Result "0-1"]
[WhiteElo "2491"]
[BlackElo "2890"]
[TimeControl "180+1"]
[EndTime "8:07:25 PST"]
[Termination "Grandelicious won by resignation"]

1. e4 c5 2. Nf3 e6 3. g3 Nc6 4. Bg2 Nf6 5. Qe2 e5 6. O-O Be7 7. c3 O-O 8. Rd1 d5 9. exd5 Qxd5 10. d4 e4 11. Ng5 Bg4 12. f3 exf3 13. Bxf3 Bxf3 14.
Qxf3 cxd4 15. cxd4 Rfd8 16. Nc3 Qc4 17. Qe2 Rxd4 18. Rxd4 Qxd4+ 19. Be3 Qg4 20. Qb5 Rb8 21.
Bf4 a6 22. Qb3 Bc5+ 23. Kg2 Rf8 24. Qxb7 Nd4 25. h3 Qf5 26. Rf1 Qd3 27. Nce4 Nxe4 28. Qxe4 Qxe4+ 29. Nxe4 Be7 30. Rd1 Ne6 31. Be3 Rc8 32.
Rd7 Bf8 33. Bf2 Rc2 34. Rd2 Rc1 35. Nc3 h5 36. a3 Be7 37. h4 g5 38. Ne2 Rc4 39. hxg5 Bxg5 40. Rd5 Rc2 41. Nf4 Bxf4 0-1